 Dungeon Sprint DCSS version 0.22-a0-833-g8522bf8125 (webtiles) character file.

28 Jannitor the Skirmisher (level 3, -6/24 HPs)
             Began as a Kobold Fighter on July 25, 2018.
             Mangled by a water elemental (9 damage)
             ... in the Dungeon (Sprint III: "The Ten Rune Challenge").
             The game lasted 00:00:51 (329 turns).

Jannitor the Skirmisher (Kobold Fighter)             Turns: 329, Time: 00:00:53

Health: -6/24      AC:  6    Str: 16    XL:     3   Next: 30%
Magic:  3/3        EV:  8    Int:  9    God:
Gold:   20         SH:  9    Dex: 14    Spells: 2/2 levels left

rFire    . . .     SeeInvis .   a - +0 war axe
rCold    . . .     Gourm    .   c - +0 shield
rNeg     . . .     Faith    .   b - +0 scale mail
rPois    .         Spirit   .   (no helmet)
rElec    .         Reflect  .   (no cloak)
rCorr    .         Harm     .   (no gloves)
MR       .....     NoTele   +   (no boots)
Stlth    ..........             (no amulet)
HPRegen  0.08/turn              (no ring)
MPRegen  0.08/turn              (no ring)

@: engulfed (cannot breathe), flying
A: small, hooves 1, carnivore, deterioration 1, strong 1
a: no special abilities


You were in the Dungeon.
You were full.

You visited 1 branch You collected 20 gold pieces.

Inventory:

Hand Weapons
 a - a +0 war axe (weapon)
Armour
 b - a +0 scale mail (worn)
 c - a +0 shield (worn)
Scrolls
 j - a scroll of torment {unknown}
 k - a scroll of blinking
 l - 3 scrolls of identify
 m - 2 scrolls of remove curse {unknown}
 o - a scroll of holy word {unknown}
Potions
 d - a potion of might
 e - a potion of curing
 g - a potion of heal wounds
 h - a potion of haste
 i - 2 potions of magic
 n - a potion of flight
 p - 3 potions of mutation
Comestibles
 f - 3 rations


   Skills:
 + Level 4.6 Fighting
 + Level 2.9 Axes
 + Level 3.4 Armour
 + Level 3.4 Shields


You had 2 spell levels left.
You didn't know any spells.
Your spell library was empty.

Dungeon Overview and Level Annotations

Branches:
Dungeon (1/1)

Altars:


Innate Abilities, Weirdness & Mutations

You are small and have problems with some larger weapons.
You are carnivorous and can eat meat at any time.
You have large cloven feet.
Your body sometimes deteriorates upon taking damage.
Your muscles are strong. (Str +2)


Message History

The water elemental is lightly damaged.
The water elemental closely misses you. The water elemental barely misses you.
You hit the water elemental.
The water elemental is lightly damaged.
The water elemental hits you!
The water elemental engulfs you in water!
You slash the water elemental! Your kick misses the water elemental.
The water elemental is heavily damaged.
Your lungs strain for air!
You block the water elemental's attack. The water elemental closely misses you.
You aren't carrying any items that you can evoke.
Unknown command.
Unknown command.
It was a potion of flight.
You feel very buoyant.
You fly up into the air.
* * * LOW HITPOINT WARNING * * *
Your lungs strain for air!
The water elemental hits you!
You die...

▓▓▓▓▓▓▓▓▓▓ ▓▓▓
.#..'....♣ ♣.#
.#..#....♣ ♣.#
'####....♣♣♣ ♣♣.#
....#....≈.♣♣♣..###+#+##
....#...≈≈♣♣..♣.#E......
...(#..≈≈≈≈.♣♣♣.@.⌠.....
###'#..≈≈≈≈≈≈.♣.#...####
...÷#.≈≈≈≈≈≈....#.⌠.#
....#.≈≈≈≈≈.....#...#
....#.≈≈≈.......#+###
#####...........#
................#
▓▓▓▓▓▓▓▓▓▓▓▓▓▓▓▓▓


You could see a water elemental.

Vanquished Creatures
  A human (D)
  An ooze (D)
  A phantom (D)
  3 rats (D)
6 creatures vanquished.

Vanquished Creatures (others)
  2 draconian scorchers (D)
  A hydra (D)
  A yaktaur (D)
  6 hellions (D)
  2 plants (D)
12 creatures vanquished.

Grand Total: 18 creatures vanquished

Notes
Turn   | Place    | Note
-------+----------+-------------------------------------------
     0 | D        | Jannitor the Kobold Fighter began the quest for the Orb.
     0 | D        | Reached XP level 1. HP: 14/14 MP: 1/1
    14 | D        | Reached XP level 2. HP: 20/20 MP: 2/2
    44 | D        | Reached skill level 4 in Fighting
    44 | D        | Reached XP level 3. HP: 4/24 MP: 3/3
    44 | D        | Killed a yaktaur
    90 | D        | Killed a hellion
    91 | D        | Killed a hellion
    95 | D        | Killed a hellion
    95 | D        | Killed a hellion
    95 | D        | Killed a hellion
   118 | D        | Killed a hellion
   133 | D        | Killed a white draconian scorcher
   232 | D        | Killed a five-headed hydra
   304 | D        | Killed a white draconian scorcher
   306 | D        | Gained mutation: Your magical capacity is low. (-10% MP) [potion of mutation]
   306 | D        | Gained mutation: You are frail. (-10% HP) [potion of mutation]
   306 | D        | Gained mutation: You have a pair of small antennae on your head. [potion of mutation]
   307 | D        | Lost mutation: You have a pair of small antennae on your head. [potion of mutation]
   307 | D        | Lost mutation: You are frail. (-10% HP) [potion of mutation]
   307 | D        | Gained mutation: Scrolls take you a little longer to read. [potion of mutation]
   307 | D        | Gained mutation: You are partially covered in iridescent scales. (AC +2) [potion of mutation]
   308 | D        | Lost mutation: Scrolls take you a little longer to read. [potion of mutation]
   308 | D        | Lost mutation: Your magical capacity is low. (-10% MP) [potion of mutation]
   308 | D        | Lost mutation: You are partially covered in iridescent scales. (AC +2) [potion of mutation]
   308 | D        | Gained mutation: Your body sometimes deteriorates upon taking damage. [potion of mutation]
   308 | D        | Gained mutation: You have large cloven feet. [potion of mutation]
   308 | D        | Gained mutation: Your muscles are strong. (Str +2) [potion of mutation]
   324 | D        | Noticed a water elemental
   329 | D        | Mangled by a water elemental

Vault maps used:
D:        dungeon_sprint_mu

Skill      XL: |  1  2 |
---------------+-------+-----
Axes           | 2 |  2.9
Fighting       | 4 |  4.6
Armour         | 3 |  3.4
Shields        | 3 |  3.4

Action                   || total
-------------------------++-------
Melee: War axe           ||    24
       Kick              ||     1
  Use: Potion            ||     5
  Eat: Chunk             ||     4
Armor: Scale mail        ||     5
Dodge: Dodged            ||     9
Block: Shield            ||    12

Table legend:
 A = Spawn XP
 B = Non-spawn XP
 C = Spawn XP percentage of total XP
 D = Spawn monster count
 E = Non-spawn monster count
 F = Spawn count percentage of total count
 G = Total turns spent on level
                    A         B        C        D         E        F      G
               +---------+---------+-------+---------+---------+-------+---------
         Total |       0 |      41 |   0.0 |       0 |       6 |   0.0 |   329
               +---------+---------+-------+---------+---------+-------+---------
             D |       0 |      41 |   0.0 |       0 |       6 |   0.0 |   329
               +---------+---------+-------+---------+---------+-------+---------
